 Dungeon Crawl Stone Soup version 0.20.0-15-g7f486f2 (webtiles) character file.

56744 JDdeen the Blocker (level 15, -2/124 HPs)
             Began as a Formicid Fighter on June 17, 2017.
             Was a High Priest of Okawaru.
             Slain by a blink frog (9 damage)
             ... on level 4 of the Lair of Beasts.
             The game lasted 01:25:04 (21107 turns).

JDdeen the Blocker (Formicid Fighter)              Turns: 21107, Time: 01:25:05

Health: -2/124     AC: 13    Str: 33    XL:     15   Next: 23%
Magic:  31/32      EV: 14    Int: 11    God:    Okawaru [*****.]
Gold:   664        SH: 19    Dex: 13    Spells: 14/14 levels left

rFire    . . .     SeeInvis +   A - +8 whip "Oduvai" {freeze, *Slow +Fly rN+ MR+}
rCold    + + +     Gourm    .   c - +2 shield
rNeg     + . .     Faith    +   B - +2 robe "Iserircha" {-Cast rPois rC+++ MP+9}
rPois    +         Spirit   .   (helmet unavailable)
rElec    .         Reflect  .   (no cloak)
rCorr    .         Harm     .   E - +2 pair of gloves {Str+3}
MR       ++...     NoCast   +   y - +2 pair of boots
Stlth    +++.......             G - amulet of faith
Regen    0.3/turn               j - +2 ring of dexterity
MPRegen  0.3/turn               w - +2 ring of strength

@: mighty, heroism, finesse
A: permanent stasis, dig shafts and tunnels, four strong arms, antennae 3
a: Dig, Shaft Self, Heroism, Finesse, Renounce Religion, Evoke Flight


You were on level 4 of the Lair of Beasts.
You worshipped Okawaru.
Okawaru was extremely pleased with you.
You were hungry.

You visited 4 branches of the dungeon, and saw 19 of its levels.

You collected 1096 gold pieces.
You spent 312 gold pieces at shops.
You donated 120 gold pieces to Zin.

Inventory:

Hand Weapons
 d - the +0 falchion "Sownub" {venom, +Blink rElec Dex+3}
   (Okawaru gifted it to you on level 6 of the Lair of Beasts)

   It poisons the flesh of those it strikes.
   It affects your dexterity (+3).
   It insulates you from electricity.
   It lets you blink.
 s - the +7 great mace "Undeadhunter" {disrupt, rN+}
   (You found it on level 4 of the Dungeon)

   It protects you from negative energy.
 t - a +3 dire flail of crushing
 A - the +8 whip "Oduvai" (weapon) {freeze, *Slow +Fly rN+ MR+}
   (You found it on level 6 of the Dungeon)

   It has been specially enchanted to freeze those struck by it, causing extra
   injury to most foes and up to half again as much damage against particularly
   susceptible opponents.
   It can also slow down cold-blooded creatures.
   It protects you from negative energy.
   It affects your resistance to hostile enchantments.
   It lets you fly.
   It may slow you when you take damage.
 I - a +1 falchion of electrocution
Armour
 c - a +2 shield (worn)
 y - a +2 pair of boots (worn)
 B - the +2 robe "Iserircha" (worn) {-Cast rPois rC+++ MP+9}
   (You found it on level 6 of the Dungeon)

   It renders you almost immune to cold.
   It protects you from poison.
   It affects your magic capacity (+9).
   It prevents spellcasting.
 D - a +3 chain mail
 E - a +2 pair of gloves of strength (worn)
Jewellery
 j - a +2 ring of dexterity (left hand)
 w - a +2 ring of strength (right hand)
 F - an uncursed amulet of the gourmand
 G - an amulet of faith (around neck)
Wands
 l - a wand of iceblast (3/15)
 n - a wand of digging (13/24)
Scrolls
 e - 2 scrolls of fog
 i - 2 scrolls of noise
 m - 5 scrolls of recharging
 q - a scroll of brand weapon
 u - 4 scrolls of identify
 x - 4 scrolls of magic mapping
 z - a scroll of remove curse
 L - a scroll of enchant armour
 N - a scroll of silence
Potions
 a - a potion of resistance
 b - 3 potions of ambrosia
 g - 2 potions of brilliance
 p - 4 potions of flight
 r - 5 potions of cancellation
 v - 9 potions of curing
Books
 J - a book of Battle

   Spells                             Type                      Level
   a - Infusion                       Charms                       1
   b - Shroud of Golubria             Charms/Translocation         2
   c - Song of Slaying                Charms                       2
   d - Spectral Weapon                Hexes/Charms                 3
   e - Regeneration                   Charms/Necromancy            3
Comestibles
 f - 11 bread rations
 h - 11 royal jellies
 K - a meat ration


   Skills:
 + Level 13.5(18.5) Fighting
 - Level 7.2(12.2) Long Blades
 * Level 10.1(15.1) Maces & Flails
 - Level 13.6(18.6) Armour
 + Level 14.1(19.1) Shields
 - Level 11.0 Invocations


You had 14 spell levels left.
You didn't know any spells.

Dungeon Overview and Level Annotations

Branches:
Dungeon (11/15)            Temple (1/1) D:4            Lair (6/6) D:10
 Shoals (0/4) Lair:3       Spider (1/4) Lair:4        Slime (0/5) Lair:5
    Orc (0/2) D:9

Altars:
Ashenzari
Cheibriados
Dithmenos
Elyvilon
Fedhas
Gozag
Hepliaklqana
Kikubaaqudgha
Makhleb
Nemelex Xobeh
Okawaru
Qazlal
Ru
Sif Muna
Trog
Uskayaw
Vehumet
Xom
Yredelemnul
Zin
The Shining One
Jiyva

Shops:
D:7 [:=   D:8 *

Annotations:
Lair:3 exclusion: oklob plant


Innate Abilities, Weirdness & Mutations

You cannot be hasted, slowed, berserked, paralysed or teleported.
You can dig through walls and to a lower floor.
Your four strong arms can wield two-handed weapons with a shield.
You have a pair of large antennae on your head. (SInv)


Message History

You barely miss the blink frog.
The blink frog is heavily wounded.
The blink frog hits you!
* * * LOW HITPOINT WARNING * * *
The blink frog blinks!
A blink frog comes into view.
The blink frog misses you. The blink frog hits you.
* * * LOW HITPOINT WARNING * * *
The blink frog barely misses you.
There is a hole to the Spider Nest, spattered with blood here.
You miss the blink frog.
The blink frog croaks.
You whack the blink frog! You freeze the blink frog.
The blink frog is heavily wounded.
You whack the blink frog!
The blink frog seems to slow down.
You freeze the blink frog.
You kill the blink frog!
Okawaru accepts your kill. The blink frog hits you!
You die...

## ####.##^#....^## ########P
.#####.P#.###^#...#^#####..#.#.#.
..........##^###.###.##..........
..........###.#.#.#.###..#.#.#.##
>.........##.###.#.#.##..#.#####
#.#+.###..###.#####.###.>########
#.#..###..##^#.#.###^##...#......
##..###...###.#..†#.#.#..##......
#P...###..####^.@.^####..###.....
##...###...####F..## #...##P.P#.#
####.##P....###≈F≈# #...###...##
## #.###....##....# #...PP#..#.#
.###+.##...#..F[..####.....P.....
.................................
.........................(.......
.................................
#.###.##.....######.##...........


You could see 3 blink frogs.

Vanquished Creatures
  An emperor scorpion (Lair:4)
  The ghost of loom the Destroyer, a journeyman TeCj of Vehumet (Lair:3)
  Josephine (Lair:6)
  8 hydras
  A two-headed ogre (D:10)
  A lindwurm (Lair:6)
  The ghost of flt the Chiller, a novice MfIE of Ashenzari (D:7)
  3 elephants (Lair:6)
  3 black mambas
  12 spiny frogs
  7 komodo dragons
  A kobold demonologist (D:11)
  2 rime drakes (Lair:2)
  4 jumping spiders (Lair:4)
  2 trolls (D:9)
  6 hornets (Lair:6)
  7 polar bears
  20 blink frogs
  A snapping turtle (Lair:3)
  26 dream sheep
  6 redbacks (Lair:4)
  9 hippogriffs
  14 spriggans
  5 wyverns
  3 wraiths (Lair:6)
  Eustachio (D:6)
  2 basilisks
  2 hungry ghosts
  48 yaks
  2 wargs (D:10)
  Edmund (D:6)
  19 water moccasins
  13 porcupines
  5 orc warriors
  3 sky beasts
  4 black bears
  2 phantoms
  An ice beast (D:8)
  3 boggarts (Lair:6)
  3 ogres
  5 centaurs
  27 wolves
  2 big kobolds (D:8)
  16 crocodiles
  15 bullfrogs
  A gnoll sergeant (D:7)
  7 scorpions
  7 wights (D:9)
  2 electric eels
  A howler monkey (D:7)
  6 crimson imps
  A quasit (D:6)
  11 orc priests
  4 hounds
  3 jellies
  2 centaur skeletons
  2 bullfrog zombies
  12 orc wizards
  Jessica (D:3)
  7 iguanas
  Ijyb (D:3)
  Natasha (D:1)
  10 worker ants
  A hound zombie (D:6)
  A hound skeleton (D:7)
  Robin (D:3)
  7 gnolls
  10 adders
  2 shadow imps
  4 oozes
  2 worms
  3 dart slugs
  4 leopard geckos
  30 orcs
  2 ball pythons
  14 bats
  4 giant cockroaches
  13 goblins
  9 hobgoblins
  12 jackals
  24 kobolds
  4 quokkas
  3 frilled lizards (D:1)
  A jackal skeleton (D:6)
  A quokka zombie (D:7)
  4 rats
  A bush (Lair:4)
555 creatures vanquished.

Vanquished Creatures (others)
  7 fungi
  5 plants
12 creatures vanquished.

Grand Total: 567 creatures vanquished

Notes
Turn   | Place    | Note
-------+----------+-------------------------------------------
     0 | D:1      | JDdeen the Formicid Fighter began the quest for the Orb.
     0 | D:1      | Reached XP level 1. HP: 18/18 MP: 1/1
    21 | D:1      | Reached XP level 2. HP: 23/24 MP: 2/2
   399 | D:1      | Reached XP level 3. HP: 29/29 MP: 3/3
   444 | D:1      | Reached skill level 4 in Shields
   981 | D:2      | Noticed Natasha
   995 | D:1      | Killed Natasha
   995 | D:1      | Reached XP level 4. HP: 2/37 MP: 4/4
  1589 | D:2      | Reached XP level 5. HP: 42/42 MP: 5/5
  2077 | D:3      | Reached skill level 8 in Shields
  2077 | D:3      | Reached XP level 6. HP: 15/56 MP: 6/6
  2487 | D:3      | Noticed Robin
  2496 | D:3      | Killed Robin
  2729 | D:3      | Noticed Ijyb
  2750 | D:3      | Killed Ijyb
  2750 | D:3      | Reached XP level 7. HP: 58/61 MP: 7/7
  2867 | D:3      | Noticed Jessica
  2875 | D:3      | Killed Jessica
  3233 | D:4      | Reached skill level 9 in Shields
  4024 | D:4      | Reached XP level 8. HP: 57/69 MP: 8/8
  4578 | D:4      | Found a staircase to the Ecumenical Temple.
  4584 | Temple   | Entered the Ecumenical Temple
  4642 | Temple   | Became a worshipper of Zin the Law-Giver
  4642 | Temple   | Reached * piety under Zin
  4710 | D:5      | Entered Level 5 of the Dungeon
  4711 | D:5      | Donated 89 gold pieces to Zin
  4727 | D:5      | Found a shattered altar of Ashenzari.
  4787 | D:5      | Reached ** piety under Zin
  4916 | D:5      | Found a snail-covered altar of Cheibriados.
  5095 | D:5      | Found an iron altar of Okawaru.
  5102 | D:5      | Fell from the grace of Zin
  5102 | D:5      | Became a worshipper of Warmaster Okawaru
  5260 | D:6      | Noticed Eustachio
  5275 | D:6      | Killed Eustachio
  5275 | D:6      | Reached skill level 1 in Invocations
  5373 | D:6      | Reached XP level 9. HP: 36/75 MP: 10/10
  5588 | D:6      | Noticed Edmund
  5596 | D:6      | Killed Edmund
  5647 | D:6      | Reached * piety under Okawaru
  5715 | D:6      | Found a burning altar of Makhleb.
  5724 | D:6      | Got a bloodstained whip
  5724 | D:6      | Got a fine robe
  5736 | D:6      | Identified the +2 robe "Iserircha" {-Cast rPois rC+++ MP+9} (You found it on level 6 of the Dungeon)
  5761 | D:6      | Identified the +8 whip "Oduvai" {freeze, *Slow +Fly rN+ MR+} (You found it on level 6 of the Dungeon)
  6147 | D:6      | Found a hide-covered altar of Uskayaw.
  6324 | D:7      | Noticed flt's ghost (novice MfIE)
  6528 | D:7      | Killed flt's ghost
  6629 | D:7      | Found a stormy altar of Qazlal.
  6694 | D:7      | Found Naluhy's Jewellery Shoppe.
  6717 | D:7      | Found Baetiam's Book Shop.
  6741 | D:7      | Reached ** piety under Okawaru
  6741 | D:7      | Reached XP level 10. HP: 61/83 MP: 13/13
  6764 | D:7      | Found Viskaag's Armour Emporium.
  6769 | D:7      | Reached skill level 5 in Invocations
  6780 | D:7      | Bought a +1 pair of gloves of strength for 264 gold pieces
  7296 | D:8      | Found a sacrificial altar of Ru.
  7327 | D:8      | Found Sych's Assorted Antiques.
  7352 | D:8      | Bought a scroll of identify for 48 gold pieces
  7380 | D:8      | Reached skill level 10 in Shields
  7478 | D:8      | Found a glowing golden altar of the Shining One.
  7650 | D:8      | Found a deep blue altar of Sif Muna.
  7805 | D:9      | Reached *** piety under Okawaru
  7901 | D:9      | Found a staircase to the Orcish Mines.
  7902 | D:9      | Got a smoking ring mail
  7919 | D:9      | Identified the +1 ring mail of Coronation {rElec rF- rCorr Str+7} (You found it on level 9 of the Dungeon)
  8166 | D:9      | Found a basalt altar of Yredelemnul.
  8263 | D:9      | Reached **** piety under Okawaru
  8308 | D:10     | Entered Level 10 of the Dungeon
  8372 | D:10     | Reached XP level 11. HP: 90/90 MP: 16/16
  8440 | D:10     | Found a staircase to the Lair.
  8648 | D:10     | Reached skill level 10 in Fighting
  8906 | D:10     | Noticed a two-headed ogre
  8920 | D:10     | Killed a two-headed ogre
  8920 | D:10     | Reached ***** piety under Okawaru
  9197 | Lair:1   | Entered Level 1 of the Lair of Beasts
  9205 | Lair:1   | Reached skill level 10 in Armour
  9932 | Lair:1   | Reached skill level 11 in Shields
 11095 | Lair:2   | Received a gift from Okawaru
 11099 | Lair:2   | Reached XP level 12. HP: 56/99 MP: 19/19
 11111 | Lair:2   | Reached skill level 10 in Invocations
 11862 | Lair:2   | Noticed a seven-headed hydra
 11881 | Lair:2   | Killed a seven-headed hydra
 13097 | Lair:2   | Reached skill level 1 in Maces & Flails
 13100 | Lair:2   | Received a gift from Okawaru
 13438 | Lair:2   | Reached skill level 12 in Shields
 14143 | Lair:3   | Noticed loom's ghost (journeyman TeCj)
 14163 | Lair:3   | Killed loom's ghost
 14192 | Lair:3   | Reached XP level 13. HP: 73/106 MP: 21/21
 14908 | Lair:3   | Reached skill level 5 in Maces & Flails
 14920 | Lair:3   | Found a staircase to the Shoals.
 15090 | Lair:3   | Noticed a six-headed hydra
 15104 | Lair:3   | Killed a six-headed hydra
 15337 | Lair:3   | Found a blossoming altar of Fedhas.
 16035 | Lair:4   | Identified a scroll of acquirement
 16111 | Lair:4   | Received a gift from Okawaru
 16176 | Lair:4   | Noticed a four-headed hydra
 16279 | Lair:4   | Killed a four-headed hydra
 16516 | Lair:4   | Found a glowing silver altar of Zin.
 16904 | Lair:4   | Found a hole to the Spider Nest.
 16914 | Lair:4   | Received a gift from Okawaru
 16945 | Lair:4   | Got a twisted scarf {god gift}
 16951 | Lair:4   | Identified the scarf of the Harp {Str-3 Int+7} (Okawaru gifted it to you on level 4 of the Lair of Beasts)
 17360 | Lair:4   | Noticed a six-headed hydra
 17376 | Lair:4   | Killed a six-headed hydra
 17476 | Lair:5   | Reached XP level 14. HP: 116/116 MP: 22/22
 17701 | Lair:5   | Reached skill level 13 in Shields
 18170 | Lair:5   | Found a viscous altar of Jiyva.
 18170 | Lair:5   | Found a staircase to the Slime Pits.
 18796 | Lair:6   | Entered Level 6 of the Lair of Beasts
 18841 | Lair:6   | Received a gift from Okawaru
 18842 | Lair:6   | Got a scorched falchion {god gift}
 18843 | Lair:6   | Identified the +0 falchion "Sownub" {venom, +Blink rElec Dex+3} (Okawaru gifted it to you on level 6 of the Lair of Beasts)
 19224 | Lair:6   | Noticed Josephine
 19236 | Lair:6   | Killed Josephine
 19492 | Lair:6   | Got a twisted shortbow
 19915 | Lair:6   | Received a gift from Okawaru
 20204 | Lair:6   | Reached XP level 15. HP: 93/124 MP: 23/23
 20290 | Lair:6   | Received a gift from Okawaru
 20402 | Lair:6   | Got a slimy shortbow
 20427 | Lair:6   | Reached skill level 14 in Shields
 21039 | Spider:1 | Entered Level 1 of the Spider Nest
 21039 | Spider:1 | Noticed an emperor scorpion
 21089 | Lair:4   | HP: 4/124 [emperor scorpion (6)]
 21098 | Lair:4   | Killed an emperor scorpion
 21098 | Lair:4   | Reached skill level 10 in Maces & Flails
 21107 | Lair:4   | Slain by a blink frog

Skill      XL: |  1  2  3  4  5  6  7  8  9 10 11 12 13 14 15 |
---------------+----------------------------------------------+-----
Shields        | 4 8 9 10 11 12 13 14 | 14.1
Fighting       | 4 7 8 9 10 11 12 13 | 13.5
Armour         | 4 7 8 9 10 11 12 13 | 13.6
Long Blades    | 3 6 7 |  7.2
Invocations    | 2 4 7 9 11 | 11.0
Maces & Flails | 3 7 9 10 | 10.1

Action                   |  1- 3 |  4- 6 |  7- 9 | 10-12 | 13-15 || total
-------------------------+-------+-------+-------+-------+-------++-------
Melee: Long sword        |   110 |   193 |   153 |       |     2 ||   458
       Great mace        |       |       |    69 |    29 |   145 ||   243
       Whip              |       |       |   115 |   778 |   858 ||  1751
       Hand axe          |       |       |       |    13 |       ||    13
       Falchion          |       |       |       |       |     6 ||     6
       Dire flail        |       |       |       |       |    12 ||    12
Invok: Donate Gold       |       |       |     1 |       |       ||     1
       Heroism           |       |       |     1 |    18 |    36 ||    55
       Finesse           |       |       |       |     1 |    10 ||    11
Evoke: Wand              |       |       |       |       |     2 ||     2
  Use: Scroll            |     4 |     3 |     8 |     7 |     7 ||    29
       Potion            |     1 |     4 |     2 |     5 |     6 ||    18
 Stab: Sleeping          |       |       |       |       |     2 ||     2
       Distracted        |       |       |       |       |     1 ||     1
  Eat: Chunk             |       |     6 |    10 |    42 |    14 ||    72
       Fruit             |       |       |     4 |       |     1 ||     5
       Meat ration       |       |       |       |     1 |       ||     1
Armor: Scale mail        |    43 |    74 |    70 |       |       ||   187
       Robe              |       |       |    20 |    39 |   144 ||   203
       Chain mail        |       |       |    12 |   192 |       ||   204
       Skin              |       |       |     5 |    31 |    17 ||    53
Dodge: Dodged            |    44 |    74 |    93 |   253 |   228 ||   692
Block: Shield            |    54 |   128 |   228 |   642 |   618 ||  1670
       Rpst.: Long sword |    16 |    20 |     9 |       |     3 ||    48
